 Dungeon Crawl Stone Soup version 0.30-a0-782-ge64f9170bb (webtiles) character file.

Game seed: 6638011285441144427

8638 tilp the Warmonger (level 11, -6/99 HPs)
             Began as a Meteoran Fighter on Feb 27, 2023.
             Was a High Priest of Okawaru.
             Mangled by an orc warrior
             ... wielding a +0 glaive
              (22 damage)
             ... on level 1 of the Orcish Mines.
             The game lasted 00:26:32 (4866 turns).

tilp the Warmonger (Meteoran Fighter)               Turns: 4866, Time: 00:26:32

Health: -6/99      AC: 17    Str: 19    XL:     11   Next: 89%
Magic:  19/19      EV: 11    Int:  9    God:    Okawaru [*****.]
Gold:   188        SH:  7    Dex: 18    Spells: 10/10 levels left

rFire   + . .      SeeInvis .    a - +1 long sword
rCold   . . .      Faith    .    c - +0 buckler
rNeg    . . .      Spirit   .    I - +0 plate armour
rPois   .          Reflect  .    (no helmet)
rElec   .          Harm     .    l - +1 cloak of Ydghicoit {Regen+ Slay+3}
rCorr   .          Rampage  .    (no gloves)
Will    ++...                    (no boots) Stlth
                                 (no amulet)
HPRegen 1.16/turn                o - ring of willpower
MPRegen 0.16/turn                x - ring of protection from fire

@: heroic, glowing, studying Ranged Weapons
A: sense surroundings 2, otherworldly, glowing, explore regen
a: Renounce Religion, Heroism, Finesse, Duel


You were on level 1 of the Orcish Mines.
You worshipped Okawaru.
Okawaru was extremely pleased with you.
You visited 2 branches of the dungeon, and saw 12 of its levels.
You also visited: Ossuary and Bailey.

You collected 649 gold pieces.
You spent 461 gold pieces at shops.

Inventory:

Hand Weapons
 a - a +1 long sword (weapon)
 b - the +5 glaive "Fythromu" {freeze, rF- Int+5}
   (You found it on level 2 of the Dungeon)

   Int:       It affects your intelligence (+5).
   rF:        It makes you vulnerable to fire.
 H - a +0 whip of electrocution
 J - a +0 great sword
 T - a +2 dagger of protection
Missiles
 h - 38 boomerangs (quivered)
 k - 19 poisoned darts
 D - a throwing net
 E - 4 silver javelins
 V - 3 curare-tipped darts
Armour
 c - a +0 buckler (worn)
 l - the +1 cloak of Ydghicoit (worn) {Regen+ Slay+3}
   (You acquired it in a bailey)

   Slay:      It affects your accuracy & damage with ranged weapons and melee
   (+3).
   Regen:     It increases your rate of health regeneration.
 m - a +0 chain mail
 A - a +0 cloak
 I - a +0 plate armour (worn)
Jewellery
 o - a ring of willpower (left hand)
 x - a ring of protection from fire (right hand)
 M - a ring of resist corrosion
 P - a +6 ring of intelligence
Wands
 q - a wand of iceblast (5)
 s - a wand of light (3)
 v - a wand of paralysis (20)
 B - a wand of flame (7)
 Q - a wand of digging (4)
Scrolls
 d - 2 scrolls of magic mapping
 i - 4 scrolls of fear
 j - 4 scrolls of fog
 p - 5 scrolls of teleportation
 r - 3 scrolls of brand weapon
 y - a scroll of vulnerability
 L - 3 scrolls of blinking
 N - a scroll of enchant armour
 O - a scroll of immolation
 R - a scroll of identify
 U - a scroll of enchant weapon
Potions
 e - 4 potions of brilliance
 f - 3 potions of heal wounds
 g - 3 potions of attraction
 n - 7 potions of curing
 t - 3 potions of haste
 u - 2 potions of flight
 w - 3 potions of mutation
 z - a potion of might
 C - a potion of lignification
 F - a potion of resistance
 G - a potion of magic
 K - 2 potions of berserk rage
 S - a potion of cancellation


   Skills:
 * Level 9.7(14.7) Fighting
 - Level 10.0(15.0) Long Blades
 + Level 5.8(10.8) Throwing
 + Level 5.7(10.7) Armour
 + Level 7.3(12.3) Dodging
 - Level 4.0(9.0) Shields
 * Level 10.3 Invocations
 + Level 5.7 Evocations


You had 10 spell levels left.
You didn't know any spells.
Your spell library was empty.

Dungeon Overview and Level Annotations

Branches:
Dungeon (11/15) Zot: 2336  Temple (0/1) D:7             Orc (1/2) D:10 Zot: 547
Ossuary (visited)          Bailey (visited)
   Lair: D:8-11

Altars:
Cheibriados
Fedhas
Gozag
Okawaru
Trog
Wu Jian
Zin

Shops:
D:3 ?   D:7 *   D:8 (??

Annotations:
D:5 Grinder


Innate Abilities, Weirdness & Mutations

You passively map the area around you.
You are easily found by Zot.
You glow in the dark.
You regain HP and MP as you explore.


Message History

The orc warrior hits you from afar with a +0 glaive!
* * * LOW HITPOINT WARNING * * *
The orc warrior shoots a bolt.
The bolt closely misses you.
You hit the orc knight.
The orc knight is almost dead.
The orc knight hits you with a +2 glaive.
* * * LOW HITPOINT WARNING * * *
The orc warrior barely misses you.
The orc warrior shoots a bolt.
You block the bolt.
You hit the orc knight.
The orc knight is almost dead.
The orc knight hits you with a +2 glaive.
* * * LOW HITPOINT WARNING * * *
The orc warrior barely misses you.
You hit the orc knight.
You kill the orc knight!
Okawaru is honoured by your kill.
The orc warrior shoots a bolt.
The bolt completely misses you.
Aiming: Iceblast
Press: ? - help, Shift-Dir - straight line, f - orc warrior
Aim: an orc warrior, wielding a +0 arbalest and wearing a +0 plate armour (strong)
The mass of ice explodes!
The iceblast engulfs the orc warrior!!
The orc warrior is almost dead.
The iceblast engulfs the orc warrior!!
The orc warrior is severely wounded.
The orc warrior hits you from afar with a +0 glaive!
* * * LOW HITPOINT WARNING * * *
The orc warrior shoots a bolt.
The bolt barely misses you.
Unknown command.
Unknown command.
Unknown command.
Unknown command.
Unknown command.
The orc warrior barely misses you.
The orc warrior unwields a +0 arbalest.
The orc warrior wields a +0 hand axe.
You block the orc warrior's attack.
You slash the orc warrior!
You kill the orc warrior!
Okawaru accepts your kill.
The orc warrior hits you with a +0 glaive!!
You die...

#...#... ..... , *
####...#.##.#...,
, *
##..#..#.........,
* ** *
#................
, , * ,
#.....)[....>... ,
, , , ,
#.....<.........
,*,
*##...[[........#,
,
.#.......)o..$.#.
* ,,
..........@......#
,, ,,
.....##...).......
* , ,.....
##.......... **
..#. ............
,* , . #
..##.#........ , ,
, ..# #.#........*
, ,.,
...........,, * ,,
,**, ,..........#.
* , * *
#..,.###.##* *


You could see an orc warrior (strong).

Vanquished Creatures
  Josephine (D:10)
  A two-headed ogre (D:9)
  2 orc knights
  Psyche (D:10)
  2 polar bears
  A hornet (D:10)
  Prince Ribbit (D:7)
  Sigmund (D:5)
  5 wraiths (D:10)
  A wyvern (D:8)
  3 water moccasins
  An acid dragon (D:10)
  10 orc warriors
  3 black bears
  2 sky beasts (D:6)
  2 ogres
  An ice beast (D:7)
  2 centaurs
  2 kobold brigands
  2 gnoll sergeants (D:8)
  2 bullfrogs
  4 scorpions
  3 wights (D:8)
  5 killer bees
  2 electric eels (D:9)
  3 howler monkeys (D:7)
  6 orc priests
  4 jellies
  2 gnoll boudas
  3 hounds
  4 iguanas
  Ijyb (D:5)
  8 orc wizards
  A hound zombie (Ossuary)
  4 mummies (Ossuary)
  13 gnolls (D:8)
  An adder (D:5)
  2 shadow imps
  2 white imps
  An ufetubus (D:5)
  2 dart slugs
  46 orcs
  7 ball pythons
  A bat (D:3)
  4 endoplasms
  2 giant cockroaches
  3 gnoll zombies (Ossuary)
  9 goblins
  8 hobgoblins
  2 jackals (D:1)
  2 quokkas
  3 hobgoblin zombies (Ossuary)
  A jackal zombie (Ossuary)
  23 kobolds
  An orc zombie (Ossuary)
  3 rats
  3 rat zombies (Ossuary)
235 creatures vanquished.

Vanquished Creatures (others)
  An orc (D:9)
  9 plants (D:9)
10 creatures vanquished.

Grand Total: 245 creatures vanquished

Notes
Turn   | Place    | Note
-------+----------+-------------------------------------------
     0 | D:1      | tilp the Meteoran Fighter began the quest for the Orb.
     0 | D:1      | Reached XP level 1. HP: 19/19 MP: 2/2
   111 | D:1      | Reached XP level 2. HP: 26/26 MP: 3/3
   154 | D:1      | Reached skill level 1 in Dodging
   237 | D:2      | Identified the +5 glaive "Fythromu" {freeze, rF- Int+5}
   312 | D:4      | Reached XP level 3. HP: 31/31 MP: 4/4
   316 | D:4      | Found an opulent altar of Gozag.
   572 | D:3      | Found Hen Kiy's Magic Scroll Shop.
   578 | D:3      | Bought a scroll of identify for 20 gold pieces
   578 | D:3      | Bought a scroll of fear for 40 gold pieces
   578 | D:3      | Bought a scroll of identify for 20 gold pieces
   619 | D:3      | Found an iron altar of Okawaru.
   648 | D:3      | Became a worshipper of Warmaster Okawaru
   739 | D:4      | Noticed a scorpion
   751 | D:4      | Killed a scorpion
   752 | D:4      | Reached XP level 4. HP: 35/40 MP: 5/5
   752 | D:4      | Reached XP level 5. HP: 41/46 MP: 6/6
   852 | D:4      | Reached skill level 5 in Long Blades
   870 | D:3      | You fall into a shaft and drop 2 floors!
   870 | D:5      | Entered Level 5 of the Dungeon
   875 | D:5      | Noticed Sigmund
   883 | D:5      | Reached XP level 6. HP: 34/52 MP: 7/7
   888 | D:5      | Killed Sigmund
   888 | D:5      | Reached * piety under Okawaru
   889 | D:5      | Reached skill level 1 in Invocations
   889 | D:5      | Reached XP level 7. HP: 35/59 MP: 7/9
   960 | D:5      | Reached skill level 1 in Throwing
  1021 | D:5      | Reached skill level 1 in Evocations
  1044 | D:5      | Found a sand-covered staircase.
  1053 | Ossuary  | Entered an ossuary
  1382 | D:3      | Reached XP level 8. HP: 24/67 MP: 11/11
  1435 | D:3      | Bought a scroll of brand weapon for 95 gold pieces
  1435 | D:3      | Bought a scroll of identify for 20 gold pieces
  1435 | D:3      | Bought a scroll of identify for 20 gold pieces
  1479 | D:5      | Noticed Grinder
  1542 | D:5      | Reached ** piety under Okawaru
  1644 | D:5      | Noticed Ijyb
  1648 | D:5      | Reached skill level 5 in Fighting
  1664 | D:5      | Killed Ijyb
  1829 | D:6      | Gained mutation: You passively map the area around you.
                  | [Meteoran growth]
  1829 | D:6      | Reached XP level 9. HP: 54/75 MP: 13/13
  1870 | D:6      | Reached *** piety under Okawaru
  1871 | D:6      | Reached skill level 5 in Invocations
  1997 | D:7      | Noticed Prince Ribbit
  2001 | D:7      | Found a staircase to the Ecumenical Temple.
  2005 | D:7      | Killed Prince Ribbit
  2042 | D:7      | Found a glowing silver altar of Zin.
  2104 | D:7      | Found a flagged portal.
  2143 | Bailey   | Entered a bailey
  2152 | Bailey   | Noticed an orc warlord
  2259 | Bailey   | Found a runed translucent gate.
  2261 | Bailey   | Found a runed translucent gate.
  2264 | Bailey   | Found a runed translucent gate.
  2272 | Bailey   | Noticed an orc knight
  2286 | Bailey   | Killed an orc knight
  2286 | Bailey   | Reached **** piety under Okawaru
  2287 | Bailey   | Reached XP level 10. HP: 64/86 MP: 13/16
  2442 | Bailey   | Acquired the +1 cloak of Ydghicoit {Regen+ Slay+3}
  2525 | D:7      | Reached skill level 5 in Dodging
  2580 | D:7      | Found Daujitohu's Assorted Antiques.
  2607 | D:7      | Bought a fluorescent wand for 120 gold pieces
  2607 | D:7      | Bought a glowing brown potion for 27 gold pieces
  2869 | D:8      | Found Zat Quim's Magic Scroll Shop.
  2875 | D:8      | Bought a scroll of identify for 22 gold pieces
  2875 | D:8      | Bought a scroll of teleportation for 33 gold pieces
  2875 | D:8      | Bought a scroll of fear for 44 gold pieces
  2895 | D:8      | Found Poaso's Weapon Emporium.
  2955 | D:8      | Found Larghe Poxa's Magic Scroll Shoppe.
  3032 | D:8      | Reached skill level 10 in Long Blades
  3328 | D:9      | Found an ornate altar of the Wu Jian Council.
  3525 | D:10     | Entered Level 10 of the Dungeon
  3544 | D:9      | Noticed a two-headed ogre
  3554 | D:9      | Killed a two-headed ogre
  3555 | D:9      | Reached XP level 11. HP: 71/95 MP: 15/18
  3858 | D:9      | Found a blossoming altar of Fedhas.
  4139 | D:9      | Received a gift from Okawaru
  4161 | D:10     | Reached skill level 5 in Throwing
  4161 | D:10     | Reached skill level 5 in Evocations
  4173 | D:10     | Found a bloodstained altar of Trog.
  4268 | D:10     | Reached skill level 5 in Armour
  4311 | D:10     | Found a staircase to the Orcish Mines.
  4413 | D:10     | Found a snail-covered altar of Cheibriados.
  4461 | D:10     | Noticed Psyche
  4465 | D:10     | Noticed Josephine
  4468 | D:10     | Killed Psyche
  4468 | D:10     | Reached ***** piety under Okawaru
  4489 | D:10     | Killed Josephine
  4490 | D:10     | Reached skill level 10 in Invocations
  4623 | Orc:1    | Entered Level 1 of the Orcish Mines
  4623 | Orc:1    | Noticed an orc knight
  4756 | D:10     | Received a gift from Okawaru
  4863 | Orc:1    | Killed an orc knight
  4866 | Orc:1    | Mangled by an orc warrior

Illustrated notes

Levels and vault maps discovered:
D:1:      dpeg_arrival_morbid_curiosity, layout_loops_ring
D:2:      layout_basic, minmay_pentomino_w2
D:3:      layout_basic, kennysheep_okawaru_gauntlet, serial_shops,
          nicolae_square_shop
D:4:      layout_cave_pools, mainiacjoe_overflow_small_starburst,
          nicolae_concentric_dashed_squares_mild
D:5:      layout_loops_corners, lightli_ossuary_entry_decrepit_ruins, uniq_ijyb,
          uniq_grinder, uniq_sigmund
D:6:      layout_basic, chequers_serial_rivers_small_b, nrook_loot_triangle,
          kennysheep_generic_room_14
D:7:      layout_basic, mainiacjoe_overflow_brackets, overflow_temple_1_default,
          temple_pool_b, enter_bailey_3, kennysheep_pointless_box,
          kennysheep_nondescript, kennysheep_windowed_goal, uniq_prince_ribbit1
D:8:      layout_loops_cross, serial_shops, kennysheep_little_box, shop_scrolls,
          nicolae_shop_bloodbath_and_beyond
D:9:      layout_basic, fedhas_altar_1, lemuel_crystal_altar,
          serial_bayou_ford_a
D:10:     layout_loops_ring, trog_ov_bears_minmay, cheibriados_altar_1,
          orc_0_dummy, uniq_psyche, uniq_josephine
D:11:     layout_big_octagon, minmay_lair_entry_grove, serial_shops,
          kennysheep_mini_moat
Orc:1:    layout_caves

Skill      XL: |  1  2  3  4  5  6  7  8  9 10 11 |
---------------+----------------------------------+-----
Long Blades    | 3 4 5 6 7 9 10 | 10.0
Dodging        | 1 2 3 4 6 7 |  7.3
Fighting       | 4 5 7 8 9 |  9.7
Invocations    | 1 2 4 7 8 10 | 10.3
Throwing       | 1 2 4 5 |  5.8
Evocations     | 1 2 4 5 |  5.7
Armour         | 4 5 |  5.7
Shields        | 4 |  4.0

Action                     |  1- 3 |  4- 6 |  7- 9 | 10-12 || total
---------------------------+-------+-------+-------+-------++-------
  Melee: Long sword        |    66 |    24 |   371 |   436 ||   897
         Glaive            |     3 |       |       |       ||     3
  Throw: Dart              |       |     3 |     1 |       ||     4
         Boomerang         |       |       |    10 |     4 ||    14
 Invoke: Heroism           |       |       |     2 |    12 ||    14
  Evoke: Wand              |       |       |     4 |     7 ||    11
    Use: Scroll            |     4 |     3 |     7 |    12 ||    26
         Potion            |       |     1 |     3 |       ||     4
   Stab: Paralysed         |       |       |       |     6 ||     6
 Armour: Scale mail        |    26 |       |       |       ||    26
         Chain mail        |    12 |    10 |   330 |    36 ||   388
         Plate armour      |       |       |       |   157 ||   157
  Dodge: Dodged            |    18 |     2 |   179 |   136 ||   335
  Block: Buckler           |    18 |     6 |   141 |   125 ||   290

Table legend: (Time is in decaauts)
 A = Elapsed time spent in this place.
 B = Non-inter-level travel time spent in this place.
 C = Inter-level travel time spent in this place.
 D = Time resting spent in this place.
 E = Time spent auto-exploring this place.
 F = Levels seen in this place.
 G = Mean time per level.
                   A        B        C        D        E       F      G
               +--------+--------+--------+--------+--------+-----+--------+
         Total |   4879 |   4322 |    557 |     42 |      0 |  14 |  348.5 |
       Dungeon |   4263 |   3706 |    557 |      0 |      0 |  11 |  387.5 |
  Orcish Mines |     51 |     51 |      0 |      0 |      0 |   1 |   51.0 |
       Ossuary |    210 |    210 |      0 |      0 |      0 |   1 |  210.0 |
        Bailey |    354 |    354 |      0 |     42 |      0 |   1 |  354.0 |
               +--------+--------+--------+--------+--------+-----+--------+

Top non-repeatable levels by time:
     D:9: 828 daAuts
    D:10: 624 daAuts
     D:8: 609 daAuts
     D:3: 476 daAuts
     D:5: 422 daAuts
  Bailey: 354 daAuts
     D:7: 352 daAuts
     D:4: 315 daAuts
     D:6: 263 daAuts
     D:1: 215 daAuts
 Ossuary: 210 daAuts
     D:2: 103 daAuts
    D:11: 51 daAuts
   Orc:1: 51 daAuts
